 Dungeon Crawl Stone Soup version 0.19.5 (webtiles) character file.

698 Peloso the Shield-Bearer (level 7, -2/61 HPs)
             Began as a Minotaur Fighter on Apr 7, 2017.
             Was an Initiate of Okawaru.
             Killed by divine providence
             ... invoked by an orc priest
              (9 damage)
             ... on level 5 of the Dungeon.
             The game lasted 00:09:54 (3449 turns).

Peloso the Shield-Bearer (Minotaur Fighter)         Turns: 3449, Time: 00:09:56

Health: -2/61      AC: 12    Str: 21    XL:     7   Next: 38%
Magic:  6/6        EV:  6    Int:  5    God:    Okawaru [......]
Gold:   177        SH: 10    Dex: 11    Spells: 0 memorised, 6 levels left

rFire  + . .     SeeInvis .     a - +0 long sword
rCold  x . .     Gourm    .     u - +0 chain mail
rNeg   . . .     Faith    .     c - +0 shield
rPois  .         Spirit   .     (helmet restricted)
rElec  .         Reflect  .     b - +1 cloak {MR+}
rCorr  .         Harm     .     (no gloves)
MR     +....                    (no boots)
Stlth  ..........               h - amulet of magic regeneration
                                (no ring)
                                y - ring of fire

@: no status effects
A: retaliatory headbutt, horns 2
a: Renounce Religion


You were on level 5 of the Dungeon.
You worshipped Okawaru.
Okawaru was noncommittal.
You were not hungry.

You visited 2 branches of the dungeon, and saw 6 of its levels.

You collected 177 gold pieces.

Inventory:

Hand Weapons
 a - a +0 long sword (weapon)
Armour
 b - a +1 cloak of magic resistance (worn)
 c - a +0 shield (worn)
 d - a +2 cloak
 u - a +0 chain mail (worn)
 z - a +2 cloak
Jewellery
 h - an amulet of magic regeneration (around neck)
 y - a ring of fire (left hand)
Wands
 v - a wand of iceblast (7/15)
Scrolls
 e - 2 scrolls of teleportation
 g - 4 scrolls of identify
 i - a scroll of amnesia
 m - 2 scrolls of fog {unknown}
 o - a scroll of fear {unknown}
 p - 3 scrolls of enchant weapon {unknown}
 q - a scroll of recharging {unknown}
 s - 2 scrolls of random uselessness {unknown}
 x - a scroll of magic mapping {unknown}
Potions
 n - a potion of curing
 w - a potion of cure mutation
 A - a potion of magic
Comestibles
 f - 3 bread rations
 j - 5 meat rations
 k - 4 chunks of flesh
 r - 2 royal jellies
 t - 3 beef jerkies
 B - 4 fruits


   Skills:
 + Level 5.2 Fighting
 + Level 5.3 Long Blades
 + Level 5.9 Armour
 + Level 1.6 Dodging
 + Level 0.5 Stealth
 + Level 6.4 Shields


You had 6 spell levels left.
You didn't know any spells.

Dungeon Overview and Level Annotations

Branches:
Dungeon (5/15)             Temple (1/1) D:4

Altars:
Cheibriados
Gozag
Makhleb
Okawaru
Trog


Innate Abilities, Weirdness & Mutations

You reflexively headbutt those who attack you in melee.
You have a pair of horns on your head.


Message History

The orc priest hits you but does no damage.
You hear some strange, mumbled words.
Something tries to affect you, but you resist.
You hit the orc priest but do no damage.
Your headbutt misses the orc priest.
The orc priest is heavily wounded.
The orc priest hits you but does no damage.
Something hits you but does no damage.
The orc priest calls down the wrath of Beogh upon you.
Beogh smites you!
* * * LOW HITPOINT WARNING * * *
You feel better. Something hits you but does no damage.
The orc priest looks encouraged for a moment.
Your shield and chain mail prevent you from hitting something.
You hear some strange, mumbled words.
A puff of flame appears from out of thin air!
The puff of flame misses you.
The orc priest mumbles some strange prayers to Beogh against you.
Beogh smites you!
You die...

#........#
#......#?#
#...##.#.#
#........#
#.(......#
#.#oo##.##
#.##)# .#
#.##o##.#
#...o{@.#
####.####
#.# #$#
#.# #.#
..# ###


You could see an orc priest and an orc.

Vanquished Creatures
  The ghost of maxonian the Chucker, an amateur OgHu (D:3)
  Sigmund (D:2)
  Purgy (D:3)
  A howler monkey (D:3)
  An orc priest (D:4)
  Crazy Yiuf (D:2)
  A hound skeleton (D:5)
  7 adders
  An ooze (D:1)
  2 worms
  2 dart slugs
  4 leopard geckos
  14 orcs
  2 ball pythons (D:3)
  6 bats
  A giant cockroach (D:2)
  7 goblins
  11 hobgoblins
  9 jackals
  2 quokkas
  4 frilled lizards
  9 kobolds
  7 rats
95 creatures vanquished.

Notes
Turn   | Place    | Note
-------+----------+-------------------------------------------
     0 | D:1      | Peloso the Minotaur Fighter began the quest for the Orb.
     0 | D:1      | Reached XP level 1. HP: 19/19 MP: 0/0
   265 | D:1      | Reached XP level 2. HP: 27/27 MP: 1/1
   370 | D:1      | Reached skill level 4 in Shields
   823 | D:2      | Reached XP level 3. HP: 31/33 MP: 2/2
   834 | D:2      | Noticed Sigmund
   844 | D:2      | Killed Sigmund
   844 | D:2      | Reached skill level 5 in Armour
   844 | D:2      | Reached XP level 4. HP: 20/41 MP: 3/3
   844 | D:2      | Reached XP level 5. HP: 23/47 MP: 4/4
   861 | D:2      | Found a burning altar of Makhleb.
  1170 | D:2      | Reached skill level 5 in Shields
  1221 | D:2      | Found a runed door.
  1414 | D:2      | Noticed Crazy Yiuf
  1428 | D:2      | Killed Crazy Yiuf
  1648 | D:3      | Noticed maxonian's ghost (amateur OgHu)
  1669 | D:3      | Killed maxonian's ghost
  1669 | D:3      | Reached skill level 5 in Fighting
  1669 | D:3      | Reached XP level 6. HP: 40/56 MP: 5/5
  1789 | D:3      | Reached skill level 1 in Dodging
  2490 | D:4      | Noticed Purgy
  2513 | D:4      | Found a snail-covered altar of Cheibriados.
  2892 | D:3      | Killed Purgy
  2892 | D:3      | Reached skill level 5 in Long Blades
  2892 | D:3      | Reached skill level 6 in Shields
  2892 | D:3      | Reached XP level 7. HP: 55/61 MP: 6/6
  3060 | D:4      | Found a staircase to the Ecumenical Temple.
  3090 | Temple   | Entered the Ecumenical Temple
  3140 | Temple   | Became a worshipper of Warmaster Okawaru
  3406 | D:5      | Entered Level 5 of the Dungeon
  3445 | D:5      | HP: 1/61 [orc priest/divine providence (13)]
  3449 | D:5      | Killed from afar by an orc priest

Skill      XL: |  1  2  3  4  5  6 |
---------------+-------------------+-----
Armour         | 4 5 |  5.9
Shields        | 4 5 6 |  6.4
Fighting       | 4 5 |  5.2
Long Blades    | 3 4 5 |  5.3
Dodging        | 1 |  1.6
Stealth        | |  0.5

Action                   |  1- 3 |  4- 6 |  7- 9 || total
-------------------------+-------+-------+-------++-------
Melee: Long sword        |    57 |   198 |    65 ||   320
       Headbutt          |     6 |    34 |    14 ||    54
  Use: Potion            |     1 |       |     4 ||     5
       Scroll            |       |     4 |     6 ||    10
  Eat: Chunk             |       |     7 |     2 ||     9
Armor: Scale mail        |    16 |     4 |       ||    20
       Chain mail        |       |   181 |    35 ||   216
Dodge: Dodged            |    13 |    85 |    20 ||   118
Block: Shield            |    26 |   182 |    22 ||   230
       Rpst.: Long sword |       |    20 |     5 ||    25
